 Dungeon Crawl Stone Soup version 0.29.0-4-gdea44cf6ec (webtiles) character file.

Game seed: 3564005819522100048

19558 qw the Cleaver (level 12, -4/77 HPs)
             Began as a Gargoyle Berserker on Sept 8, 2022.
             Was an Elder of Trog.
             Slain by an elephant (12 damage)
             ... on level 3 of the Lair of Beasts.
             The game lasted 00:05:03 (14589 turns).

qw the Cleaver (Gargoyle Berserker)                Turns: 14589, Time: 00:05:04

Health: -4/77      AC: 30    Str: 26    XL:     12   Next: 70%
Magic:  12/12      EV:  9    Int: 14    God:    Trog [****..]
Gold:   671        SH:  5    Dex:  9    Spells: 11/11 levels left

rFire   . . .      SeeInvis .   Y - +0 war axe
rCold   + . .      Faith    .   g - +0 buckler
rNeg    + . .      Spirit   .   n - +0 chain mail
rPois   inf        Reflect  .   l - +0 helmet
rElec   +          Harm     .   (no cloak)
rCorr   .          Rampage  +   f - +1 pair of gloves
Will    .....                   k - +1 pair of boots {rampage}
Stlth   ..........              (no amulet)
HPRegen 0.22/turn               i - ring of Heresy {AC+4 Int+6 Stlth-}
MPRegen 0.13/turn               h - ring of protection from cold

@: about to teleport, on berserk cooldown, slowed, very slow
A: sickness immunity, AC +8, negative energy resistance 1, electricity
resistance, torment resistance 1, petrification resistance
a: Renounce Religion, Berserk, Trog's Hand, Brothers in Arms


You were on level 3 of the Lair of Beasts.
You worshipped Trog.
Trog was greatly pleased with you.
You visited 2 branches of the dungeon, and saw 13 of its levels.

You collected 671 gold pieces.


Innate Abilities, Weirdness & Mutations

You are immune to sickness and miasma.
Your stone body is resilient. (AC +8)
You are immune to poison.
You resist negative energy. (rN+)
You are resistant to electric shocks. (rElec)
You are resistant to unholy torment.
You are immune to petrification.


   Skills:
 + Level 10.0 Fighting
 - Level 14.0 Axes
 - Level 3.0 Throwing
 - Level 9.0 Armour
 - Level 3.5 Dodging
 - Level 7.0 Shields


You had 11 spell levels left.
You didn't know any spells.
Your spell library was empty.

Inventory:

Hand Weapons
 u - a +0 morningstar
 Y - a +0 war axe (weapon)
Missiles
 t - 5 boomerangs (quivered)
Armour
 f - a +1 pair of gloves (worn)
 g - a +0 buckler (worn)
 k - a +1 pair of boots of rampaging (worn)
 l - a +0 helmet (worn)
 n - a +0 chain mail (worn)
Jewellery
 h - a ring of protection from cold (right hand)
 i - the ring of Heresy (left hand) {AC+4 Int+6 Stlth-}
   (You found it on level 2 of the Dungeon)

   [ring of protection]

   AC:        It affects your AC (+4).
   Int:       It affects your intelligence (+6).
   Stlth:     It makes you less stealthy.
 q - a +6 ring of dexterity
Scrolls
 c - 2 scrolls of identify
 o - 5 scrolls of teleportation
Potions
 a - 6 potions of might
 b - a potion of resistance
 d - 6 potions of heal wounds
 e - a potion of haste
 j - 5 potions of curing
 m - 3 potions of mutation
 p - a potion of lignification {unknown}
 r - a potion of cancellation

Dungeon Overview and Level Annotations

Branches:
Dungeon (10/15)            Temple (0/1) D:6            Lair (3/5) D:10
    Orc (0/2) D:10
  Swamp: Lair:2-3    Shoals: Lair:2-3     Snake: Lair:2-3    Spider: Lair:2-3

Altars:
Trog
Uskayaw
Zin

Annotations:
D:4 1 runed translucent door, Crazy Yiuf


Message History

The death yak is heavily wounded.
You hit the elephant. x2
You hit the death yak.
The death yak is heavily wounded.
You slice the elephant!! You barely miss the elephant.
The elephant barely misses you.
The elephant trunk-slaps you but does no damage.
The elephant tramples you but does no damage.
The elephant trunk-slaps you but does no damage.
The death yak gores you but does no damage.
You slash the death yak!
The death yak is almost dead.
You slash the elephant! x2
You barely miss the death yak.
The death yak is almost dead.
You hit the elephant. You slash the elephant! The death yak barely misses you.
The elephant tramples you but does no damage.
The elephant barely misses you.
The elephant tramples you but does no damage.
The elephant trunk-slaps you but does no damage.
You barely miss the death yak.
The death yak is severely wounded.
You completely miss the elephant. You hit the elephant.
You slice the death yak!!
You kill the death yak!
Trog accepts your kill.
You hit the elephant. You slash the elephant!
You are no longer berserk.
You are exhausted.
You feel yourself slow down. The elephant tramples you!
You hold your ground!
The elephant trunk-slaps you but does no damage.
The elephant tramples you but does no damage.
The elephant trunk-slaps you but does no damage.
Your Shields skill increases to level 7!
14589 ||| READING 6 scrolls of teleportation.
As you read the scroll of teleportation, it crumbles to dust.
You feel strangely unstable. The elephant tramples you!
You die...

..... ..
.....
...##....
...P.....
......P...#
......#...#
... #...Y##
...##...Y@#
#.....Y##
#......#
##....##
##.....#
#.....##
#....##
###.....#
#......##


You could see 3 elephants.

Vanquished Creatures
  A hydra (Lair:1)
  Erica (D:9)
  2 two-headed ogres
  3 death yaks (Lair:3)
  An elephant (Lair:3)
  4 cane toads
  A gargoyle (D:10)
  3 komodo dragons
  A rime drake (Lair:3)
  A troll (D:10)
  4 blink frogs (Lair:1)
  A slime creature (D:8)
  2 shadows (D:10)
  A vampire (D:9)
  32 yaks
  2 basilisks
  A steam dragon (D:9)
  An acid dragon (D:9)
  3 water moccasins
  2 ice beasts
  3 black bears
  A sky beast (D:6)
  An ogre (D:3)
  3 centaurs
  7 wolves
  A phantom (D:4)
  Blork the orc (D:4)
  A kobold brigand (D:9)
  A gnoll sergeant (D:7)
  2 bullfrogs
  3 scorpions
  A necrophage (D:6)
  A troll zombie (D:10)
  2 electric eels
  9 killer bees
  A howler monkey (D:10)
  2 jellies
  6 orc priests
  10 hounds
  2 iguanas
  2 gnoll boudas
  9 orc wizards
  7 ogre zombies (D:10)
  24 gnolls
  5 adders
  A white imp (D:4)
  An ufetubus (D:6)
  4 worms
  3 dart slugs
  29 orcs
  5 endoplasms
  3 giant cockroaches
  8 goblins
  7 hobgoblins
  2 jackals (D:4)
  6 quokkas
  6 ball pythons
  7 bats
  2 frilled lizards
  A goblin skeleton (D:10)
  2 goblin zombies (D:10)
  3 hobgoblin zombies (D:10)
  16 kobolds
  An orc skeleton (D:10)
  18 orc zombies (D:10)
  5 rats
302 creatures vanquished.

Vanquished Creatures (collateral kills)
  2 hydras (Lair:2)
  An oklob plant (Lair:2)
3 creatures vanquished.

Vanquished Creatures (others)
  A fungus (Lair:3)
  2 plants (Lair:2)
3 creatures vanquished.

Grand Total: 308 creatures vanquished

Notes
Turn   | Place    | Note
-------+----------+-------------------------------------------
     0 | D:1      | qw the Gargoyle Berserker began the quest for the Orb.
     0 | D:1      | Reached XP level 1. HP: 14/14 MP: 1/1
     0 | D:1      | 0 ||| qw: Version: 0.1-a-112-g44dc6cd
     0 | D:1      | 0 ||| qw: Game counter: 6757
     0 | D:1      | 0 ||| qw: Always use a shield: true
     0 | D:1      | 0 ||| qw: Do Orc after D:15 true
     0 | D:1      | 0 ||| qw: Do second Lair branch before Depths: true
     0 | D:1      | 0 ||| qw: Lair rune preference: random
     0 | D:1      | 0 ||| qw: Plans: Normal
     0 | D:1      | 0 ||| PLANNING D:1-11
   135 | D:1      | Reached skill level 3 in Axes
   286 | D:1      | Reached XP level 2. HP: 19/19 MP: 2/2
   295 | D:1      | You fall into a shaft and drop 1 floor!
   310 | D:2      | 310 ||| UPGRADING to +0 leather armour.
   320 | D:2      | 320 ||| DROPPING +0 animal skin.
   321 | D:2      | 321 ||| UPGRADING to +0 ring mail.
   331 | D:2      | 331 ||| DROPPING +0 leather armour.
   332 | D:2      | 332 ||| READING scroll labelled XEASURGH ILAP.
   705 | D:1      | 705 ||| INVOKING Berserk.
   957 | D:1      | Reached XP level 3. HP: 23/23 MP: 3/3
  1035 | D:1      | 1035 ||| READING scroll labelled BACERCHIORGH.
  1171 | D:2      | Identified the +4 ring mail of Tystupn {Dex+4}
  1207 | D:2      | 1207 ||| INVOKING Berserk.
  1208 | D:2      | 1208 ||| INVOKING Berserk.
  1362 | D:2      | Reached skill level 4 in Axes
  1385 | D:2      | Identified the ring of Heresy {AC+4 Int+6 Stlth-}
  1429 | D:2      | 1429 ||| INVOKING Berserk.
  1593 | D:2      | Reached XP level 4. HP: 25/28 MP: 4/4
  1675 | D:2      | 1675 ||| Stepping ~*~*~tactically~*~*~ (stealth).
  1779 | D:2      | Found a glowing silver altar of Zin.
  1789 | D:2      | 1789 ||| DROPPING +0 whip.
  1799 | D:2      | Reached ** piety under Trog
  2061 | D:2      | 2061 ||| UPGRADING to +4 ring mail of Tystupn {Dex+4}.
  2071 | D:2      | 2071 ||| DROPPING +0 ring mail.
  2072 | D:2      | 2072 ||| UPGRADING to ring of Heresy {AC+4 Int+6 Stlth-}.
  2073 | D:2      | 2073 ||| READING 2 scrolls labelled SIVY VINAAHUO.
  2074 | D:2      | 2074 ||| READING scroll of enchant weapon.
  2074 | D:2      | 2074 ||| ENCHANTING +1 hand axe.
  2075 | D:2      | 2075 ||| READING scroll labelled NOEGHE NUITU.
  2076 | D:2      | 2076 ||| READING scroll labelled ILOCKENUOMP.
  2077 | D:2      | 2077 ||| READING scroll labelled UCERIA QYABOTEKK.
  2078 | D:2      | 2078 ||| DRINKING 3 blue potions.
  2223 | D:3      | Noticed an ogre
  2228 | D:3      | 2228 ||| INVOKING Berserk.
  2232 | D:3      | Killed an ogre
  2233 | D:3      | Reached skill level 5 in Axes
  2233 | D:3      | Reached XP level 5. HP: 32/32 MP: 5/5
  2606 | D:3      | 2606 ||| READING scroll of enchant weapon.
  2606 | D:3      | 2606 ||| ENCHANTING +2 hand axe.
  2632 | D:3      | Reached XP level 6. HP: 23/39 MP: 6/6
  2781 | D:3      | 2781 ||| Stepping ~*~*~tactically~*~*~ (stealth).
  2784 | D:3      | 2784 ||| Stepping ~*~*~tactically~*~*~ (hiding).
  2786 | D:3      | 2786 ||| Stepping ~*~*~tactically~*~*~ (hiding).
  2788 | D:3      | 2788 ||| Stepping ~*~*~tactically~*~*~ (hiding).
  2790 | D:3      | 2790 ||| INVOKING Berserk.
  2901 | D:3      | 2901 ||| DROPPING +1 whip of venom.
  3162 | D:3      | 3162 ||| Stepping ~*~*~tactically~*~*~ (hiding).
  3439 | D:3      | 3439 ||| UPGRADING to +0 pair of boots.
  3444 | D:3      | 3444 ||| UPGRADING to +1 pair of boots of rampaging.
  3454 | D:3      | 3454 ||| DROPPING +0 pair of boots.
  3455 | D:3      | 3455 ||| UPGRADING to ring of protection from cold.
  3456 | D:3      | 3456 ||| READING 3 scrolls labelled FOUCECHORPH.
  3457 | D:3      | 3457 ||| READING scroll labelled MIAGIAMOA.
  3458 | D:3      | 3458 ||| DROPPING 2 scrolls of butterflies.
  3506 | D:4      | 3506 ||| STAIRDANCE
  3515 | D:4      | 3515 ||| STAIRDANCE
  3538 | D:4      | 3538 ||| INVOKING Berserk.
  3538 | D:4      | Noticed Blork the orc
  3541 | D:4      | Reached skill level 6 in Axes
  3552 | D:4      | Killed Blork the orc
  3566 | D:4      | Reached XP level 7. HP: 31/44 MP: 7/7
  3575 | D:4      | Reached skill level 7 in Axes
  3590 | D:4      | HP: 9/44 [ice beast (3)]
  3591 | D:4      | 3591 ||| DRINKING 3 potions of heal wounds.
  3598 | D:4      | Reached *** piety under Trog
  3724 | D:4      | 3724 ||| Stepping ~*~*~tactically~*~*~ (stealth).
  3738 | D:4      | 3738 ||| INVOKING Berserk.
  3883 | D:4      | 3883 ||| FLEEEEING.
  3886 | D:4      | 3886 ||| STAIRDANCE
  3931 | D:3      | 3931 ||| READING scroll labelled MINUAT OTTU.
  3957 | D:4      | 3957 ||| FLEEEEING.
  3958 | D:4      | 3958 ||| FLEEEEING.
  3959 | D:4      | 3959 ||| FLEEEEING.
  3960 | D:4      | 3960 ||| FLEEEEING.
  3961 | D:4      | 3961 ||| STAIRDANCE
  4088 | D:4      | Found a hide-covered altar of Uskayaw.
  4297 | D:4      | Found a runed translucent door.
  4298 | D:4      | Noticed Crazy Yiuf
  4324 | D:4      | 4324 ||| Stepping ~*~*~tactically~*~*~ (hiding).
  4378 | D:4      | 4378 ||| INVOKING Berserk.
  4382 | D:4      | Reached XP level 8. HP: 33/50 MP: 8/8
  4628 | D:4      | 4628 ||| DRINKING 2 glowing brown potions.
  4629 | D:4      | 4629 ||| DRINKING 3 metallic yellow potions.
  4630 | D:4      | 4630 ||| READING 2 scrolls of identify.
  4630 | D:4      | 4630 ||| IDENTIFYING sapphire potion
  4631 | D:4      | 4631 ||| DROPPING 2 potions of brilliance.
  4667 | D:5      | Entered Level 5 of the Dungeon
  4737 | D:5      | 4737 ||| INVOKING Berserk.
  4753 | D:5      | 4753 ||| FLEEEEING.
  4755 | D:5      | 4755 ||| FLEEEEING.
  4756 | D:5      | 4756 ||| FLEEEEING.
  4757 | D:5      | 4757 ||| FLEEEEING.
  4758 | D:5      | 4758 ||| FLEEEEING.
  4759 | D:5      | 4759 ||| FLEEEEING.
  4760 | D:5      | 4760 ||| FLEEEEING.
  4761 | D:5      | 4761 ||| FLEEEEING.
  4762 | D:5      | 4762 ||| FLEEEEING.
  4763 | D:5      | 4763 ||| FLEEEEING.
  4764 | D:5      | 4764 ||| FLEEEEING.
  4765 | D:5      | 4765 ||| FLEEEEING.
  4766 | D:5      | 4766 ||| FLEEEEING.
  4899 | D:5      | Reached skill level 8 in Axes
  4993 | D:5      | 4993 ||| INVOKING Berserk.
  5356 | D:5      | Reached skill level 6 in Fighting
  5515 | D:5      | 5515 ||| INVOKING Berserk.
  5863 | D:5      | 5863 ||| UPGRADING to +0 buckler.
  5868 | D:5      | 5868 ||| READING 4 scrolls of identify.
  5868 | D:5      | 5868 ||| IDENTIFYING smoky dark potion
  5869 | D:5      | 5869 ||| READING 3 scrolls of identify.
  5869 | D:5      | 5869 ||| IDENTIFYING fuming white potion
  5870 | D:5      | 5870 ||| READING 2 scrolls of identify.
  5870 | D:5      | 5870 ||| IDENTIFYING glowing white potion
  5871 | D:5      | 5871 ||| DROPPING potion of ambrosia.
  5872 | D:5      | 5872 ||| DROPPING potion of magic.
  5904 | D:6      | 5904 ||| STAIRDANCE
  6207 | D:6      | Found a bloodstained altar of Trog.
  6268 | D:6      | 6268 ||| INVOKING Berserk.
  6274 | D:6      | Reached skill level 3 in Shields
  6449 | D:6      | Found a staircase to the Ecumenical Temple.
  6467 | D:6      | 6467 ||| Stepping ~*~*~tactically~*~*~ (hiding).
  6468 | D:6      | 6468 ||| Stepping ~*~*~tactically~*~*~ (hiding).
  6483 | D:6      | 6483 ||| FLEEEEING.
  6484 | D:6      | 6484 ||| FLEEEEING.
  6485 | D:6      | 6485 ||| FLEEEEING.
  6486 | D:6      | 6486 ||| FLEEEEING.
  6487 | D:6      | 6487 ||| FLEEEEING.
  6488 | D:6      | 6488 ||| FLEEEEING.
  6489 | D:6      | 6489 ||| FLEEEEING.
  6490 | D:6      | 6490 ||| FLEEEEING.
  6491 | D:6      | 6491 ||| FLEEEEING.
  6492 | D:6      | 6492 ||| FLEEEEING.
  6495 | D:6      | 6495 ||| FLEEEEING.
  6496 | D:6      | 6496 ||| FLEEEEING.
  6497 | D:6      | 6497 ||| FLEEEEING.
  6498 | D:6      | 6498 ||| FLEEEEING.
  6499 | D:6      | 6499 ||| FLEEEEING.
  6500 | D:6      | 6500 ||| FLEEEEING.
  6501 | D:6      | 6501 ||| FLEEEEING.
  6502 | D:6      | 6502 ||| FLEEEEING.
  6503 | D:6      | 6503 ||| FLEEEEING.
  6504 | D:6      | 6504 ||| FLEEEEING.
  6505 | D:6      | 6505 ||| FLEEEEING.
  6506 | D:6      | 6506 ||| FLEEEEING.
  6507 | D:6      | 6507 ||| FLEEEEING.
  6508 | D:6      | 6508 ||| FLEEEEING.
  6509 | D:6      | 6509 ||| FLEEEEING.
  6510 | D:6      | 6510 ||| FLEEEEING.
  6511 | D:6      | 6511 ||| FLEEEEING.
  6512 | D:6      | 6512 ||| FLEEEEING.
  6513 | D:6      | 6513 ||| FLEEEEING.
  6514 | D:6      | 6514 ||| FLEEEEING.
  6515 | D:6      | 6515 ||| FLEEEEING.
  6517 | D:6      | 6517 ||| FLEEEEING.
  6518 | D:6      | 6518 ||| FLEEEEING.
  6519 | D:6      | 6519 ||| FLEEEEING.
  6520 | D:6      | 6520 ||| FLEEEEING.
  6521 | D:6      | 6521 ||| FLEEEEING.
  6522 | D:6      | 6522 ||| FLEEEEING.
  6523 | D:6      | 6523 ||| FLEEEEING.
  6524 | D:6      | 6524 ||| FLEEEEING.
  6525 | D:6      | 6525 ||| FLEEEEING.
  6526 | D:6      | 6526 ||| FLEEEEING.
  6527 | D:6      | 6527 ||| FLEEEEING.
  6528 | D:6      | 6528 ||| FLEEEEING.
  6529 | D:6      | 6529 ||| FLEEEEING.
  6531 | D:6      | 6531 ||| FLEEEEING.
  6532 | D:6      | 6532 ||| FLEEEEING.
  6535 | D:6      | 6535 ||| Stepping ~*~*~tactically~*~*~ (hiding).
  6538 | D:6      | 6538 ||| INVOKING Berserk.
  6619 | D:6      | 6619 ||| DROPPING +0 flail.
  6674 | D:6      | 6674 ||| Stepping ~*~*~tactically~*~*~ (stealth).
  6742 | D:6      | Reached skill level 9 in Axes
  6742 | D:6      | Reached XP level 9. HP: 55/55 MP: 9/9
  6881 | D:6      | 6881 ||| UPGRADING to +0 pair of gloves.
  6886 | D:6      | 6886 ||| READING scroll labelled WIOSIAD ORODOUBRO.
  6887 | D:6      | 6887 ||| READING scroll labelled UFUHOYCONI.
  6888 | D:6      | 6888 ||| READING scroll labelled HYISUVIDELL.
  6889 | D:6      | 6889 ||| READING 2 scrolls of identify.
  6889 | D:6      | 6889 ||| IDENTIFYING fizzy puce potion
  6952 | D:7      | Found a glowing silver altar of Zin.
  7040 | D:7      | 7040 ||| Stepping ~*~*~tactically~*~*~ (stealth).
  7042 | D:7      | 7042 ||| INVOKING Berserk.
  7238 | D:7      | 7238 ||| READING scroll of enchant armour.
  7238 | D:7      | 7238 ||| ENCHANTING +0 pair of gloves.
  7305 | D:7      | 7305 ||| SWAPPING to +0 war axe.
  7306 | D:7      | 7306 ||| DROPPING +3 hand axe.
  7490 | D:7      | 7490 ||| Stepping ~*~*~tactically~*~*~ (stealth).
  7493 | D:7      | 7493 ||| Stepping ~*~*~tactically~*~*~ (stealth).
  7503 | D:7      | 7503 ||| Stepping ~*~*~tactically~*~*~ (stealth).
  7507 | D:7      | 7507 ||| Stepping ~*~*~tactically~*~*~ (hiding).
  7521 | D:7      | Reached skill level 3 in Armour
  7591 | D:7      | 7591 ||| INVOKING Berserk.
  7916 | D:8      | 7916 ||| INVOKING Berserk.
  8087 | D:8      | 8087 ||| Stepping ~*~*~tactically~*~*~ (stealth).
  8379 | D:8      | 8379 ||| Stepping ~*~*~tactically~*~*~ (stealth).
  8393 | D:8      | Reached skill level 10 in Axes
  8591 | D:8      | 8591 ||| Stepping ~*~*~tactically~*~*~ (stealth).
  8603 | D:8      | 8603 ||| INVOKING Berserk.
  9101 | D:8      | 9101 ||| READING 2 scrolls of identify.
  9101 | D:8      | 9101 ||| IDENTIFYING yellow potion
  9102 | D:8      | 9102 ||| DROPPING potion of invisibility.
  9142 | D:9      | Noticed Erica
  9147 | D:9      | 9147 ||| INVOKING Berserk.
  9153 | D:9      | Reached XP level 10. HP: 37/64 MP: 10/10
  9154 | D:9      | Reached skill level 3 in Dodging
  9159 | D:9      | Killed Erica
  9432 | D:9      | 9432 ||| INVOKING Berserk.
  9451 | D:9      | Reached skill level 11 in Axes
  9567 | D:9      | Reached **** piety under Trog
  9628 | D:9      | Noticed a two-headed ogre
  9633 | D:9      | 9633 ||| INVOKING Berserk.
  9637 | D:9      | Killed a two-headed ogre
  9638 | D:9      | Reached skill level 9 in Fighting
  9886 | D:9      | 9886 ||| Stepping ~*~*~tactically~*~*~ (stealth).
  9888 | D:9      | 9888 ||| Stepping ~*~*~tactically~*~*~ (hiding).
  9889 | D:9      | 9889 ||| Stepping ~*~*~tactically~*~*~ (hiding).
  9890 | D:9      | 9890 ||| Stepping ~*~*~tactically~*~*~ (hiding).
  9891 | D:9      | 9891 ||| Stepping ~*~*~tactically~*~*~ (hiding).
 10093 | D:9      | 10093 ||| UPGRADING to +0 chain mail.
 10103 | D:9      | 10103 ||| DROPPING +4 ring mail of Tystupn {Dex+4}.
 10104 | D:9      | 10104 ||| READING scroll labelled RAYMMYGYVA.
 10105 | D:9      | 10105 ||| READING 3 scrolls of identify.
 10105 | D:9      | 10105 ||| IDENTIFYING bubbling cyan potion
 10106 | D:9      | 10106 ||| READING 2 scrolls of identify.
 10106 | D:9      | 10106 ||| IDENTIFYING silvery potion
 10107 | D:9      | 10107 ||| DROPPING potion of flight.
 10136 | D:10     | Entered Level 10 of the Dungeon
 10193 | D:10     | Noticed a two-headed ogre
 10198 | D:10     | 10198 ||| INVOKING Berserk.
 10201 | D:10     | Killed a two-headed ogre
 10202 | D:10     | Reached skill level 3 in Throwing
 10202 | D:10     | Reached XP level 11. HP: 71/71 MP: 11/11
 10362 | D:10     | 10362 ||| INVOKING Berserk.
 10372 | D:10     | Reached skill level 6 in Armour
 10455 | D:10     | 10455 ||| FLEEEEING.
 10460 | D:10     | 10460 ||| STAIRDANCE
 10566 | D:10     | Found a staircase to the Lair.
 10574 | D:10     | 10574 ||| INVOKING Berserk.
 10727 | D:10     | 10727 ||| Stepping ~*~*~tactically~*~*~ (water).
 10728 | D:10     | Found a staircase to the Orcish Mines.
 10744 | D:10     | 10744 ||| FLEEEEING.
 10745 | D:10     | 10745 ||| FLEEEEING.
 11063 | D:10     | 11063 ||| Stepping ~*~*~tactically~*~*~ (hiding).
 11066 | D:10     | 11066 ||| Stepping ~*~*~tactically~*~*~ (hiding).
 11317 | D:10     | Reached skill level 12 in Axes
 11424 | D:10     | 11424 ||| Stepping ~*~*~tactically~*~*~ (hiding).
 11426 | D:10     | 11426 ||| Stepping ~*~*~tactically~*~*~ (hiding).
 11603 | D:10     | 11603 ||| Stepping ~*~*~tactically~*~*~ (stealth).
 11621 | D:10     | Reached ***** piety under Trog
 11795 | D:10     | 11795 ||| PLANNING LAIR
 11795 | D:10     | 11795 ||| READING scroll labelled YSOFAQ ASHUOSA.
 11843 | Lair:1   | Entered Level 1 of the Lair of Beasts
 11845 | Lair:1   | 11845 ||| INVOKING Berserk.
 11859 | Lair:1   | Reached skill level 6 in Shields
 12015 | Lair:1   | 12015 ||| Stepping ~*~*~tactically~*~*~ (hiding).
 12057 | Lair:1   | 12057 ||| Stepping ~*~*~tactically~*~*~ (stealth).
 12062 | Lair:1   | 12062 ||| INVOKING Berserk.
 12209 | Lair:1   | 12209 ||| Stepping ~*~*~tactically~*~*~ (stealth).
 12221 | Lair:1   | 12221 ||| INVOKING Berserk.
 12465 | Lair:1   | 12465 ||| INVOKING Berserk.
 12580 | Lair:1   | Noticed a seven-headed hydra
 12581 | Lair:1   | 12581 ||| INVOKING Brothers in Arms.
 12582 | Lair:1   | 12582 ||| SWAPPING to +1 flail of venom.
 12583 | Lair:1   | 12583 ||| INVOKING Berserk.
 12587 | Lair:1   | Killed a seven-headed hydra
 12596 | Lair:1   | Reached XP level 12. HP: 35/77 MP: 12/12
 12825 | Lair:1   | 12825 ||| SWAPPING to +0 war axe.
 12975 | Lair:1   | 12975 ||| DROPPING +1 flail of venom.
 13276 | Lair:1   | 13276 ||| UPGRADING to +0 helmet.
 13281 | Lair:1   | 13281 ||| READING 2 scrolls of identify.
 13281 | Lair:1   | 13281 ||| IDENTIFYING green potion
 13372 | Lair:2   | 13372 ||| Stepping ~*~*~tactically~*~*~ (hiding).
 13538 | Lair:2   | 13538 ||| Stepping ~*~*~tactically~*~*~ (stealth).
 13539 | Lair:2   | 13539 ||| Stepping ~*~*~tactically~*~*~ (stealth).
 13559 | Lair:2   | Reached skill level 13 in Axes
 13964 | Lair:2   | 13964 ||| INVOKING Berserk.
 14096 | Lair:2   | Noticed a six-headed hydra
 14097 | Lair:2   | 14097 ||| INVOKING Brothers in Arms.
 14099 | Lair:2   | 14099 ||| SWAPPING to +0 morningstar.
 14100 | Lair:2   | 14100 ||| INVOKING Berserk.
 14101 | Lair:2   | Killed a six-headed hydra
 14107 | Lair:2   | 14107 ||| SWAPPING to +0 war axe.
 14108 | Lair:2   | Noticed a five-headed hydra
 14110 | Lair:2   | Killed a five-headed hydra
 14324 | Lair:2   | Found the +1 robe of Vines {NoPotionHeal Regen++++}
 14559 | Lair:3   | Noticed a death yak
 14559 | Lair:3   | Noticed a death yak
 14560 | Lair:3   | 14560 ||| Stepping ~*~*~tactically~*~*~ (stealth).
 14561 | Lair:3   | Noticed a death yak
 14563 | Lair:3   | 14563 ||| INVOKING Berserk.
 14572 | Lair:3   | Reached skill level 14 in Axes
 14578 | Lair:3   | Killed a death yak
 14579 | Lair:3   | Killed a death yak
 14580 | Lair:3   | Reached skill level 9 in Armour
 14588 | Lair:3   | Killed a death yak
 14588 | Lair:3   | HP: 8/77 [elephant (12)]
 14589 | Lair:3   | 14589 ||| READING 6 scrolls of teleportation.
 14589 | Lair:3   | Slain by an elephant

Levels and vault maps discovered:
D:1:      psy_arrival_whirlpool, layout_loops_corners
D:2:      layout_loops_ring, basic_altar
D:3:      layout_basic
D:4:      layout_rooms, kennysheep_mini, kennysheep_nondescript,
          minmay_misc_feat_four_crosses, uniq_crazy_yiuf_cottage,
          uniq_blork_the_orc
D:5:      layout_loops_corners, nrook_campfire
D:6:      layout_basic, nicolae_overflow_crystal_walls,
          minmay_temple_entry_wispy
D:7:      layout_loops_cross, zin_statuary, hangedman_glass_teeth
D:8:      layout_basic, kennysheep_just_a_vault
D:9:      layout_rooms, uniq_erica
D:10:     layout_loops_corners, erik_lair_island, zombieorc2_lemuel
Lair:1:   layout_chaotic_city, serial_bayou_shore_a, lemuel_fruit_tree,
          grunt_megastairs_2
Lair:2:   layout_misc_corridors, hellmonk_guarded_unrand_vines
Lair:3:   layout_hall_layers, minmay_shoals_entry_hut,
          minmay_snake_entry_guardpost_small

Skill      XL: |  1  2  3  4  5  6  7  8  9 10 11 12 |
---------------+-------------------------------------+-----
Axes           | 3 4 5 6 7 9 10 11 12 14 | 14.0
Fighting       | 4 5 6 8 9 10 | 10.0
Dodging        | 2 3 |  3.5
Shields        | 3 5 6 7 |  7.0
Armour         | 3 4 7 9 |  9.0
Throwing       | 3 |  3.0

Action                   |  1- 3 |  4- 6 |  7- 9 | 10-12 || total
-------------------------+-------+-------+-------+-------++-------
Melee: Hand axe          |   105 |   146 |   235 |       ||   486
       Punch             |     3 |     1 |     2 |       ||     6
       War axe           |       |       |    93 |   498 ||   591
       Flail             |       |       |       |    12 ||    12
       Morningstar       |       |       |       |     1 ||     1
Throw: Boomerang         |       |       |       |    62 ||    62
Invok: Berserk           |     3 |     3 |    12 |    13 ||    31
       Brothers in Arms  |       |       |       |     2 ||     2
  Use: Scroll            |     2 |     8 |    11 |     6 ||    27
       Potion            |       |     1 |     3 |       ||     4
Armor: Animal skin       |    10 |       |       |       ||    10
       Ring mail         |    26 |    63 |   213 |    53 ||   355
       Chain mail        |       |       |       |   227 ||   227
Dodge: Dodged            |    62 |    59 |   179 |   193 ||   493
Block: Buckler           |       |       |    34 |    96 ||   130

Table legend:
 A = Non-vault XP
 B = Vault XP
 C = Vault XP percentage of total XP
 D = Non-vault monster count
 E = Vault monster count
 F = Vault count percentage of total count
                 A         B        C        D         E       F
            +---------+---------+-------+---------+---------+-------
      Total |   21547 |    6394 |  22.9 |     251 |      54 |  17.7
            +---------+---------+-------+---------+---------+-------
        D:1 |      40 |       0 |   0.0 |      25 |       0 |   0.0
        D:2 |      74 |       0 |   0.0 |      20 |       0 |   0.0
        D:3 |     346 |       0 |   0.0 |      25 |       0 |   0.0
        D:4 |     687 |     103 |  13.0 |      34 |       1 |   2.9
        D:5 |     462 |       0 |   0.0 |      10 |       0 |   0.0
        D:6 |     686 |       0 |   0.0 |      19 |       0 |   0.0
        D:7 |     452 |       0 |   0.0 |      14 |       0 |   0.0
        D:8 |    1230 |     250 |  16.9 |      14 |       1 |   6.7
        D:9 |    3542 |     842 |  19.2 |      31 |       1 |   3.1
       D:10 |    3488 |    1404 |  28.7 |      22 |      43 |  66.2
     Lair:1 |    3745 |    1429 |  27.6 |      14 |       5 |  26.3
     Lair:2 |    3115 |    2366 |  43.2 |      17 |       3 |  15.0
     Lair:3 |    3680 |       0 |   0.0 |       6 |       0 |   0.0
            +---------+---------+-------+---------+---------+-------
